Map: Acid Plant LE

Players

MMA - Winner!

  • Race: Terran Terran
  • Spawn Location: 11:00

KeeN

  • Race: Terran Terran
  • League: Master
  • Spawn Location: 5:00

VOD

Have the link to the VOD?

Description

Time

  • Played on: May 22, 2018, 11:32 p.m.
  • Length: 17:45
Show
View Real Time Build Order
Export as new Build Order

MMA Terran - Winner!

Build Orders: Cyclone Opening, Bio Tank 

Get SALT Encoding   

  12  0:00  SCV  
  13  0:12  SCV  
  14  0:17  Supply Depot  
  14  0:24  SCV  
  14  0:27  Refinery  
  15  0:38  SCV  
  16  0:44  Barracks  
  16  0:50  SCV  
  16  0:55  Refinery  
  17  1:03  SCV  
  18  1:15  SCV  
  19  1:31  Orbital Command  
  19  1:32  Factory  
  19  1:35  Reaper  
  20  1:44  Supply Depot  
  20  1:57  SCV  
  21  2:07  Reaper  
  22  2:09  SCV  
  22  2:15  Cyclone  
  26  2:21  SCV  
  27  2:32  Command Center  
  27  2:34  SCV  
  28  2:40  Barracks Reactor  
  28  2:42  Supply Depot  
  28  2:48  SCV  
  29  2:57  Starport  
  29  3:05  SCV  
  30  3:09  Cyclone  
  33  3:19  Marine x2  
  35  3:21  SCV  
  35  3:22  Supply Depot  
  36  3:33  SCV  
  37  3:36  Marine  
  37  3:37  Marine  
  39  3:43  Orbital Command  
  39  3:46  SCV  
  40  3:48  Medivac  
  40  3:54  Marine x2  
  42  3:56  Cyclone  
  42  3:58  SCV  
  46  4:11  SCV  
  46  4:12  Marine x2, SCV  
  50  4:18  Viking  
  50  4:23  SCV  
  53  4:24  SCV  
  53  4:30  Marine x2  
  56  4:32  Factory Tech Lab  
  56  4:35  Supply Depot  
  56  4:36  SCV x2  
  58  4:48  SCV x2  
  60  4:55  Marine x2  
  60  4:56  Siege Tank  
  61  5:00  SCV x2  
  58  5:12  SCV  
  58  5:13  Command Center, SCV  
  60  5:15  Refinery  
  60  5:16  Refinery  
  60  5:24  SCV  
  60  5:25  SCV  
  60  5:26  Starport Reactor  
  62  5:29  Barracks Tech Lab  
  62  5:32  Barracks  
  62  5:33  Barracks  
  62  5:40  Engineering Bay  
  62  5:42  Engineering Bay  
  62  5:43  SCV x2  
  64  5:55  SCV x2  
  62  6:05  Marine  
  62  6:07  SCV  
  62  6:08  SCV  
  62  6:09  Missile Turret  
  61  6:13  Starport Reactor  
  60  6:19  SCV  
  60  6:20  SCV  
  60  6:22  Missile Turret  
  60  6:24  Stimpack, Siege Tank  
  65  6:26  Orbital Command  
  65  6:32  Terran Infantry Weapons Level 1, Terran Infantry Armor Level 1  
  65  6:37  Marine x3  
  68  6:40  Marine  
  68  6:44  SCV x2  
  69  6:57  Orbital Command  
  69  6:59  Medivac x2  
  73  7:02  SCV  
  73  7:03  SCV  
  73  7:07  Marine x2  
  73  7:08  Marine x3  
  80  7:14  Supply Depot  
  80  7:16  SCV x2  
  82  7:23  SCV  
  82  7:28  SCV x2  
  85  7:35  Siege Tank  
  85  7:36  SCV  
  89  7:40  SCV  
  89  7:41  SCV  
  89  7:43  Medivac  
  93  7:48  Supply Depot  
  93  7:51  Missile Turret  
  93  7:57  Armory  
  93  8:06  Barracks  
  93  8:07  Barracks  
  93  8:09  Medivac  
  93  8:10  SCV x3  
  93  8:11  Siege Tank  
  101  8:22  Supply Depot  
  101  8:23  Supply Depot  
  101  8:24  Combat Shields  
  101  8:29  SCV x3  
  103  8:34  Marine x4  
  103  8:35  Marine  
  103  8:41  Refinery x2, SCV  
  109  8:42  Supply Depot  
  109  8:44  SCV  
  109  8:45  Terran Infantry Weapons Level 2  
  109  8:46  Terran Infantry Armor Level 2  
  110  8:50  SCV  
  110  8:53  SCV  
  110  8:54  Marine x3, Sensor Tower  
  114  8:56  Barracks Reactor x2  
  114  9:01  SCV  
  114  9:02  SCV  
  116  9:05  SCV  
  116  9:06  Marine x2  
  116  9:07  Siege Tank  
  122  9:12  Medivac  
  122  9:13  SCV  
  122  9:14  Medivac, SCV  
  128  9:23  Marine  
  128  9:24  Marine x2  
  129  9:39  Siege Tank  
  129  9:41  Marine  
  129  9:44  Supply Depot  
  133  9:46  Medivac  
  133  9:50  Marine x3  
  133  9:51  Marine  
  133  9:53  Marine x2  
  133  9:59  Marine  
  124  10:07  Marine  
  124  10:08  Marine  
  124  10:09  Marine  
  124  10:11  Marine x2, Siege Tank  
  124  10:12  Marine x2  
  128  10:15  Terran Vehicle Weapons Level 1  
  128  10:17  Marine  
  128  10:19  Factory  
  131  10:25  Marine  
  131  10:26  Marine  
  131  10:27  Barracks Reactor, Marine  
  134  10:28  Marine  
  134  10:29  Marine x3  
  134  10:30  Command Center  
  134  10:33  Viking x2  
  134  10:34  Marine  
  139  10:46  Marine x2  
  141  10:50  Supply Depot x2  
  141  10:51  Supply Depot, Marine x3  
  141  10:52  Siege Tank  
  141  10:53  Supply Depot, Marine x2  
  141  10:54  Marine  
  150  11:04  Marine  
  149  11:07  Marine x3  
  149  11:09  Marine x2, Viking  
  149  11:11  Marine, Siege Tank, Viking  
  157  11:16  Supply Depot  
  157  11:24  Siege Tank  
  156  11:25  Marine  
  156  11:26  Marine x2  
  156  11:29  Marine x2  
  156  11:30  Marine  
  143  11:34  Marine x2  
  143  11:39  Viking  
  147  11:41  Viking  
  147  11:43  Planetary Fortress, Siege Tank  
  147  11:46  Marine x2, Sensor Tower  
  154  11:47  Marine  
  154  11:51  Starport x2  
  154  11:52  Marine x2  
  157  11:54  Marine x2  
  157  11:57  Marine x2  
  157  11:58  Marine  
  157  12:00  Siege Tank  
  165  12:04  Marine x2  
  165  12:05  Marine  
  167  12:10  Refinery, Marine x2  
  167  12:12  Marine x2  
  167  12:15  Marine x2  
  172  12:19  Terran Infantry Weapons Level 3  
  173  12:24  Terran Infantry Armor Level 3  
  173  12:35  Terran Vehicle Weapons Level 2  
  173  12:42  Marine x9  
  173  12:43  Siege Tank  
  185  12:49  Starport Tech Lab, Sensor Tower  
  185  12:50  Starport Tech Lab  
  185  12:54  Siege Tank  
  188  12:59  Refinery  
  186  13:14  Marine x5  
  186  13:18  Siege Tank  
  194  13:25  Corvid Reactor, Raven x2  
  197  13:49  Starport  
  197  13:52  Starport, Factory  
  197  13:55  Starport  
  187  14:02  Marine x2  
  187  14:03  Marine x6  
  187  14:04  Siege Tank  
  187  14:07  Raven  
  187  14:08  Raven  
  193  14:17  Viking x2  
  197  14:41  Command Center  
  197  14:50  Raven x2  
  199  14:55  Sensor Tower  
  199  14:56  Building Armor, Factory Tech Lab  
  199  14:57  Starport Tech Lab x2  
  199  14:58  Starport Tech Lab  
  199  15:01  Hi-Sec Auto Tracking  
  199  15:08  Missile Turret  
  199  15:09  Missile Turret  
  199  15:10  Missile Turret  
  199  15:33  Viking x2  
  199  15:34  Raven  
  198  15:42  Raven  
  198  15:46  Marine x5  
  177  16:18  Marine  
  177  16:19  Marine x8  
  177  16:20  Raven x4  
  177  16:24  Siege Tank  
  189  16:35  Marine  
  189  16:36  Marine  
  189  16:37  Marine x8  
  191  16:45  Siege Tank x2  
  194  16:53  Marine  
  190  16:54  Marine x6  
  190  16:56  Marine, Siege Tank  
  200  17:11  Marine x2  
  199  17:17  Orbital Command  
  199  17:19  Orbital Command  
Show
View Real Time Build Order
Export as new Build Order

KeeN Terran 

Build Orders: Cyclone Opening, Reaper Expand 

Get SALT Encoding   

  12  0:00  SCV  
  13  0:12  SCV  
  14  0:17  Supply Depot  
  14  0:25  SCV  
  14  0:27  Refinery  
  15  0:38  SCV  
  16  0:45  Barracks  
  16  0:50  SCV  
  17  1:03  SCV  
  18  1:15  SCV  
  19  1:32  Orbital Command, Reaper  
  20  1:42  Command Center  
  20  1:53  Factory  
  20  1:58  SCV  
  21  2:05  Refinery, Barracks Reactor  
  21  2:10  SCV  
  21  2:14  Supply Depot  
  22  2:22  SCV  
  23  2:36  SCV  
  24  2:37  Cyclone  
  24  2:41  Marine x2  
  29  2:48  SCV  
  30  2:56  Orbital Command  
  30  3:00  SCV  
  30  3:01  Starport  
  30  3:05  Marine x2  
  31  3:12  SCV  
  32  3:16  Cyclone  
  35  3:21  SCV  
  35  3:24  Marine  
  35  3:25  Marine  
  38  3:29  SCV  
  38  3:33  SCV  
  39  3:41  SCV  
  39  3:43  Marine x2  
  39  3:45  SCV  
  39  3:47  Medivac  
  41  3:53  SCV  
  41  3:57  Factory Tech Lab  
  41  3:58  SCV  
  41  3:59  Supply Depot  
  42  4:03  Engineering Bay  
  42  4:05  SCV  
  42  4:09  Supply Depot  
  43  4:17  SCV  
  43  4:20  Marine  
  43  4:21  Marine  
  43  4:22  SCV  
  47  4:27  Banshee, Cloaking Field  
  47  4:29  SCV  
  51  4:31  Missile Turret  
  51  4:36  Missile Turret  
  51  4:38  Marine  
  51  4:39  Marine  
  51  4:43  SCV  
  51  4:44  SCV  
  55  4:52  Bunker  
  55  4:55  SCV  
  53  5:00  Marine x2  
  53  5:01  Cyclone  
  53  5:03  SCV  
  48  5:07  SCV  
  48  5:10  Banshee  
  51  5:16  Supply Depot  
  51  5:17  Supply Depot  
  51  5:18  Marine  
  52  5:24  SCV  
  52  5:26  SCV  
  54  5:37  Marine x2  
  54  5:40  Supply Depot  
  54  5:41  Bunker  
  56  5:43  Cyclone  
  56  5:46  SCV x2  
  59  5:58  SCV  
  59  6:02  SCV  
  64  6:11  SCV  
  65  6:14  SCV  
  63  6:21  Factory Tech Lab  
  63  6:22  Raven  
  63  6:23  SCV  
  63  6:27  SCV  
  63  6:29  Command Center  
  63  6:32  Refinery x2  
  64  6:35  SCV  
  64  6:37  Barracks Tech Lab  
  64  6:39  Barracks, SCV  
  66  6:46  Barracks  
  66  6:47  SCV  
  66  6:51  SCV  
  68  6:55  Siege Tank  
  68  6:59  SCV  
  68  7:00  Stimpack  
  72  7:03  Engineering Bay, SCV  
  72  7:06  Marine  
  74  7:11  SCV  
  74  7:14  Barracks x2  
  74  7:15  SCV  
  76  7:17  Starport Reactor  
  76  7:23  Terran Infantry Weapons Level 1  
  76  7:24  Marine, SCV  
  78  7:30  Supply Depot  
  78  7:31  Supply Depot  
  78  7:32  Supply Depot, Terran Infantry Armor Level 1  
  78  7:40  SCV, Siege Tank  
  78  7:41  SCV  
  78  7:42  Orbital Command  
  78  7:43  Marine x2  
  78  7:44  Marine  
  85  7:48  Marine  
  87  7:53  SCV x2  
  87  7:54  Medivac x2  
  93  8:01  Marine  
  93  8:02  Marine x2  
  93  8:03  Marine  
  93  8:05  Combat Shields  
  97  8:09  Orbital Command  
  97  8:11  Marine  
  97  8:12  Marine  
  97  8:15  Siege Tank  
  97  8:19  Missile Turret  
  101  8:20  SCV x2, Missile Turret  
  101  8:22  Barracks Reactor  
  101  8:25  Barracks Reactor  
  102  8:32  SCV x2  
  104  8:35  SCV  
  104  8:36  Refinery  
  104  8:40  Refinery  
  105  8:41  Marine  
  105  8:42  Marine  
  107  8:49  Medivac x2  
  107  8:51  SCV x3  
  114  8:56  Marine x2  
  114  8:59  Marine  
  114  9:00  Armory  
  117  9:03  Marine  
  117  9:04  Supply Depot  
  117  9:06  Marine, Supply Depot x2, SCV  
  119  9:11  Siege Tank  
  119  9:14  Marine x3  
  125  9:26  Marine, SCV  
  125  9:28  Sensor Tower  
  127  9:33  Supply Depot  
  127  9:34  Marine, Supply Depot  
  127  9:35  Marine x6  
  131  9:43  Siege Tank  
  134  9:52  Marine x2  
  128  9:53  Marine x3  
  128  9:58  Marine x3  
  119  10:01  Medivac x2  
  113  10:08  Terran Infantry Weapons Level 2  
  113  10:10  Marine x5  
  113  10:13  Terran Infantry Armor Level 2  
  116  10:15  Marine, Siege Tank, Terran Vehicle Weapons Level 1  
  116  10:16  Marine x2  
  122  10:27  Missile Turret  
  122  10:28  Marine x4  
  123  10:30  Marine  
  123  10:32  Medivac x2  
  123  10:33  Marine  
  132  10:37  Factory  
  132  10:42  Marine x2  
  132  10:45  Liberator x2  
  134  10:52  Marine x6  
  140  11:00  Missile Turret  
  145  11:06  Siege Tank  
  148  11:13  Marine  
  146  11:21  Marine x2  
  146  11:22  Marine x5  
  150  11:30  Marine  
  136  11:35  Starport  
  136  11:37  Factory Tech Lab  
  136  11:39  Marine x2  
  138  11:41  Marine  
  138  11:43  Marine  
  138  11:44  Marine  
  144  11:48  Viking  
  144  11:49  Viking  
  144  11:50  Marine x2  
  144  11:54  Siege Tank  
  149  12:08  Marine  
  149  12:13  Starport Tech Lab, Siege Tank  
  149  12:15  Terran Vehicle Weapons Level 2  
  153  12:16  Marine x2  
  153  12:18  Command Center  
  153  12:21  Supply Depot  
  155  12:22  Supply Depot  
  150  12:31  Viking  
  150  12:32  Raven, Viking  
  150  12:33  Corvid Reactor  
  150  12:35  Starport  
  156  12:41  Siege Tank  
  159  12:57  Sensor Tower  
  159  13:03  Command Center, Viking x2  
  159  13:05  Terran Infantry Weapons Level 3  
  163  13:10  Terran Infantry Armor Level 3  
  153  13:14  Marine  
  153  13:15  Marine x5  
  153  13:18  Siege Tank  
  156  13:33  Starport Tech Lab, Raven  
  158  13:40  Marine x3  
  159  13:56  Siege Tank  
  159  14:01  Planetary Fortress  
  153  14:18  Marine  
  153  14:19  Marine x7  
  153  14:21  Sensor Tower  
  153  14:22  Refinery x2  
  161  14:29  Raven  
  166  14:31  Raven  
  166  14:33  Viking  
  166  14:36  Marine  
  165  14:39  Viking  
  165  14:41  Missile Turret x2  
  165  14:42  Missile Turret  
  165  14:43  Terran Vehicle And Ship Armor Level 1  
  167  14:50  SCV x2  
  167  14:51  SCV  
  170  15:02  SCV  
  170  15:04  Missile Turret x2  
  171  15:11  Viking  
  171  15:12  Viking  
  175  15:24  Siege Tank  
  178  15:31  Command Center  
  176  15:36  Siege Tank  
  176  15:37  Marine  
  176  15:39  Marine  
  179  15:51  Raven  
  179  15:52  Viking x2, Raven  
  179  15:56  Siege Tank  
  187  16:07  Marine  
  187  16:15  Marine  
  166  16:20  Marine x6  
  145  16:26  Marine  
  145  16:28  Siege Tank  
  138  16:33  Marine  
  138  16:38  Marine x6  
  128  16:44  Marine  
  123  16:51  Marine  
  119  16:55  Marine  
  119  16:56  Raven x2, Marine, Viking x2  
  119  17:00  Siege Tank  
Tags
 
Add a new tag
Caveats
  • Supply blocks, unpowered buildings, or Contaminate may cause inaccurate times.
  • Supply counts are checked every 10 seconds.